 Dungeon Crawl Stone Soup version 0.29.0-13-gc9e81de378 (webtiles) character file.

Game seed: 10601727808524822822

205256 MisterFreud the Impregnable (level 19, -2/163 HPs)
             Began as a Formicid Fighter on Sept 10, 2022.
             Was the Champion of Makhleb.
             Splashed by a goliath frog's acid (6 damage)
             ... on level 2 of the Swamp.
             The game lasted 00:46:38 (32810 turns).

MisterFreud the Impregnable (Formicid Fighter)     Turns: 32810, Time: 00:46:39

Health: -2/163     AC: -4    Str: 27    XL:     19   Next: 38%
Magic:  23/23      EV: 13    Int: 10    God:    Makhleb [******]
Gold:   982        SH:  5    Dex: 13    Spells: 18/18 levels left

rFire   . . .      SeeInvis .   (weapon currently unavailable)
rCold   . . .      Faith    .   (shield currently unavailable)
rNeg    . . .      Spirit   .   (body armour currently unavailable)
rPois   .          Reflect  +   (helmet unavailable)
rElec   .          Harm     .   (cloak currently unavailable)
rCorr   .          Rampage  .   (gloves currently unavailable)
Will    +....                   (boots currently unavailable)
Stlth   +.........              I - amulet of reflection
HPRegen 0.37/turn               (ring currently unavailable)
MPRegen 0.18/turn               (ring currently unavailable)

@: pig-form, corroded, very quick
A: fast, no casting, permanent stasis, dig shafts and tunnels, small, (antennae
3), four strong arms, low MP 1
}: 1/15 runes: gossamer
a: Renounce Religion, Minor Destruction, Lesser Servant of Makhleb, Major
Destruction, Greater Servant of Makhleb


You were on level 2 of the Swamp.
You worshipped Makhleb.
Makhleb was exalted by your worship.
You were a filthy swine.
You visited 5 branches of the dungeon, and saw 28 of its levels.

You collected 3252 gold pieces.
You spent 2270 gold pieces at shops.

Inventory:

Hand Weapons
 f - the +5 giant spiked club of the Blushing Gods {vorpal, rC- Int+2 Dex+8}
   (You acquired it on level 1 of the Spider Nest)

   It inflicts extra damage upon your enemies.
   Int:       It affects your intelligence (+2).
   Dex:       It affects your dexterity (+8).
   rC:        It makes you vulnerable to cold.
 B - a +6 dire flail of draining
 Z - the +7 great mace "Firestarter" (melded) {inner flame, rF++}
   (You bought it in a shop on level 4 of the Dungeon)

   It burns those it strikes, dealing additional fire damage.
   It fills those it strikes with an explosive inner flame.
   It grants immunity to clouds of flame.
   rF:        It greatly protects you from fire.
Missiles
 s - 6 silver javelins
 w - 5 boomerangs of dispersal
 z - 13 boomerangs
 J - 4 javelins
 O - a throwing net
Armour
 a - a +0 tower shield
 c - a +1 buckler of protection (melded)
 g - a +2 pair of gloves of infusion (melded)
 y - a +0 cloak (melded)
 Q - a +2 pair of boots (melded)
 R - +5 gold dragon scales (melded)
Jewellery
 i - a ring of willpower (melded)
 m - a ring of resist corrosion
 r - the amulet "Inuoma" {Spirit rC+++ rN+++ Str-3}
   (You acquired it on level 15 of the Dungeon)

   [amulet of guardian spirit]

   It causes incoming damage to be divided between your reserves of health and
   magic.
   Str:       It affects your strength (-3).
   rC:        It renders you almost immune to cold.
   rN:        It renders you almost immune to negative energy.
 C - a +4 ring of protection
 I - an amulet of reflection (around neck)
 P - a ring of protection from cold (melded)
 S - a ring of willpower
Wands
 v - a wand of polymorph (1)
 A - a wand of quicksilver (27)
 G - a wand of charming (32)
 H - a wand of digging (4)
 M - a wand of mindburst (12)
 T - a wand of flame (30)
 Y - a wand of roots (2)
Scrolls
 o - 4 scrolls of fog
 x - 6 scrolls of enchant weapon
 E - 4 scrolls of poison
 K - 3 scrolls of summoning
 L - a scroll of silence
 U - a scroll of fear
 X - a scroll of amnesia
Potions
 b - a potion of invisibility
 d - 11 potions of might
 e - 5 potions of magic
 h - 2 potions of resistance
 j - 4 potions of flight
 k - 5 potions of lignification
 l - 11 potions of mutation
 n - 8 potions of curing
 p - 4 potions of cancellation
 q - 8 potions of heal wounds
 u - 7 potions of brilliance
 D - 2 potions of attraction
 F - 8 potions of ambrosia
Miscellaneous
 W - a tin of tremorstones (2/2)


   Skills:
 + Level 18.1 Fighting
 - Level 20.0 Maces & Flails
 + Level 23.6 Armour
 - Level 4.0 Shields
 - Level 10.0 Invocations
 - Level 10.0 Evocations


You had 18 spell levels left.
You didn't know any spells.
Your spell library contained the following spells:

 Spells                   Type           Power      Damage    Failure   Level
 Foxfire                  Conj/Fire      0%         2x1d4     36%         1
 Magic Dart               Conj           0%         1d3       36%         1
 Shock                    Conj/Air       0%         1d3       36%         1
 Slow                     Hex            0%         N/A       36%         1
 Sting                    Tmut/Pois      0%         1d3       36%         1
 Call Imp                 Summ           0%         N/A       50%         2
 Poisonous Vapours        Pois/Air       0%         N/A       50%         2
 Scorch                   Fire           0%         2d5       50%         2
 Sublimation of Blood     Necr           0%         N/A       50%         2
 Wereblood                Tmut           0%         N/A       50%         2
 Confusing Touch          Hex            0%         N/A       75%         3
 Conjure Flame            Conj/Fire      0%         6-21      75%         3
 Frozen Ramparts          Ice            0%         1d1       75%         3
 Gell's Gravitas          Tloc           0%         N/A       75%         3
 Ignite Poison            Fire/Tmut/Pois 0%         N/A       75%         3
 Inner Flame              Hex/Fire       0%         N/A       75%         3
 Mephitic Cloud           Conj/Pois/Air  0%         N/A       75%         3
 Teleport Other           Tloc           0%         N/A       75%         3
 Tukima's Dance           Hex            0%         N/A       75%         3
 Vampiric Draining        Necr           0%         2d6       75%         3
 Airstrike                Air            0%         2d(0-16)  98%         4
 Flame Wave               Conj/Fire      0%         2d4       98%         4
 Ice Form                 Ice/Tmut       0%         N/A       98%         4
 Leda's Liquefaction      Hex/Erth       0%         N/A       98%         4
 Olgreb's Toxic Radiance  Pois           0%         N/A       98%         4
 Passage of Golubria      Tloc           0%         N/A       98%         4
 Petrify                  Tmut/Erth      0%         N/A       98%         4
 Sticky Flame             Conj/Fire      0%         2d3       98%         4
 Summon Ice Beast         Ice/Summ       0%         N/A       98%         4
 Summon Lightning Spire   Summ/Air       0%         N/A       98%         4
 Alistair's Intoxication  Tmut/Pois      0%         N/A       100%        5
 Borgnjor's Vile Clutch   Necr/Erth      0%         N/A       100%        5
 Freezing Cloud           Conj/Ice/Air   0%         6-21      100%        5
 Irradiate                Conj/Tmut      0%         3d11      100%        5
 Iskenderun's Battlesphe  Conj           0%         2d6       100%        5
 Lee's Rapid Deconstruct  Erth           0%         3d5*      100%        5
 Manifold Assault         Tloc           0%         N/A       100%        5
 Yara's Violent Unravell  Hex/Tmut       0%         3d3       100%        5
 Dispersal                Tloc           0%         N/A       100%        6
 Eringya's Noxious Bog    Tmut/Pois      0%         N/A       100%        6
 Iron Shot                Conj/Erth      0%         9d1       100%        6
 Statue Form              Tmut/Erth      0%         N/A       100%        6
 Summon Cactus Giant      Summ           0%         N/A       100%        6
 Enfeeble                 Hex            0%         N/A       100%        7
 Spellforged Servitor     Conj/Summ      0%         N/A       100%        7
 Storm Form               Tmut/Air       0%         N/A       100%        7
 Summon Hydra             Summ           0%         N/A       100%        7
 Maxwell's Capacitive Co  Air            0%         ∞         100%        8
 Blink                    Tloc           Unusable   N/A       N/A         2
 Swiftness                Air            Unusable   N/A       N/A         3

Dungeon Overview and Level Annotations

Branches:
Dungeon (15/15)            Temple (0/1) D:6            Lair (5/5) D:11
  Swamp (2/4) Lair:3       Spider (4/4) Lair:2        Slime (0/5) Lair:5
    Orc (2/2) D:12            Elf (0/3) Orc:2        Vaults (0/5) D:14
 Depths (0/4) D:15

Altars:
Kikubaaqudgha
Makhleb
Sif Muna
Uskayaw
Zin
Jiyva

Shops:
D:4 (   D:11 *   D:15 (   Orc:2 ([([

Annotations:
D:5 1 runed translucent door, funkygono's ghost, novice GrFE
D:14 2 transporters, exclusion: ice statue, Qymaymp's ghost, adept GrEE
Swamp:1 Frances; Kirke


Innate Abilities, Weirdness & Mutations

You are a filthy swine.
You move quickly.
Your equipment is almost entirely melded.
You are incapable of wielding weapons or throwing items.
You cannot cast spells.
You cannot be hasted, slowed, berserked, paralysed or teleported.
You can dig through walls and to a lower floor.
((You have a pair of large antennae on your head. (SInv)))
Your four strong arms can wield two-handed weapons with a shield.
Your magical capacity is low. (-10% MP)


Message History

You bite the hog!
The hog is almost dead.
The hog bites you. The hog closely misses you.
You hit the hog.
The hog is almost dead.
The hog bites you! x2
You bite the hog!
You kill the hog!
Makhleb accepts your kill.
You feel better.
You bite the hog!
The hog is moderately wounded.
You block the hog's attack.
You bite the hog!
The hog is almost dead.
The hog splashes around in the water.
You hit the hog but do no damage.
The hog is almost dead.
The hog barely misses you.
You bite the hog!
You kill the hog!
Makhleb accepts your kill.
A goliath frog comes into view.
A goliath frog is nearby!
There is a stone staircase leading up, spattered with blood here.
You enter the shallow water.
Moving in this stuff is going to be slow.
The goliath frog hits you from afar!
You are splashed with acid!
The goliath frog hits you from afar! The acid corrodes you!
You are splashed with acid.
* * * LOW HITPOINT WARNING * * *
The goliath frog hits you from afar!
* * * LOW HITPOINT WARNING * * *
You are splashed with acid!
* * * LOW HITPOINT WARNING * * *
There is an escape hatch in the ceiling, spattered with blood here.
The goliath frog hits you from afar!!
* * * LOW HITPOINT WARNING * * *
You are splashed with acid.
You die...

...~~~~~~~~.♣.~~
~~~~...(~~~..~...~.~
^~..~~~.♣~~.~~§§.♣.§
..~....~.~..~♣.~~§.~
..$.♣.♣~.~.~~~.~~♣..
~~~...~~~~..~...~...
♣~...~~~~~...~..♣
♣..~§§~~F~.~~.♣
♣♣..~.~~~♣h~~~♣
♣♣.~.<..~~.§.♣
♣♣...†~~.~~~~♣
♣♣♣♣~~.~~~~.♣
♣♣♣♣.....♣ ♣♣♣♣♣♣♣


You could see a goliath frog.

Vanquished Creatures
  Nikola (Swamp:1)
  Rupert (D:12)
  Roxanne (Spider:1)
  A fire giant (D:15)
  An orc warlord (Orc:2)
  9 emperor scorpions
  5 ghost moths
  Louise (Spider:1)
  4 broodmothers
  Nessos (D:14)
  2 entropy weavers
  3 spark wasps (Spider:4)
  A fire dragon (Lair:5)
  An ettin (Orc:2)
  3 boulder beetles
  2 jorogumos
  Erica (D:11)
  A rakshasa (D:14)
  A catoblepas (Lair:1)
  6 hydras
  An ogre mage (D:15)
  5 radroaches
  4 alligators (Swamp:2)
  A death knight (D:15)
  6 two-headed ogres
  A tengu warrior (D:14)
  An orc high priest (Orc:2)
  Urug (Orc:2)
  Sonja (Lair:4)
  5 skeletal warriors (D:12)
  3 pharaoh ants
  9 steelbarb worms
  3 sun moths
  11 orb spiders
  A wizard (D:15)
  A lindwurm (Lair:5)
  5 orc knights
  Pikel (D:6)
  5 deep elf pyromancers
  A will-o-the-wisp (Swamp:1)
  8 ugly things
  4 cyclopes
  4 moths of wrath
  2 orc sorcerers (Orc:1)
  18 wolf spiders
  17 elephants
  4 black mambas
  7 torpor snails
  A gargoyle (D:13)
  Maggie (D:9)
  2 unseen horrors
  6 cane toads
  2 kobold demonologists
  8 komodo dragons
  7 demonic crawlers
  A freezing wraith (D:15)
  A yaktaur (Spider:4)
  2 efreet
  5 trolls
  10 polar bears
  6 tyrant leeches
  12 hornets
  Prince Ribbit (D:7)
  11 slime creatures
  Grinder (D:6)
  26 tarantellas
  20 blink frogs
  22 jumping spiders
  A raiju (Lair:5)
  19 culicivoras
  5 wraiths
  34 yaks
  2 hogs (Swamp:2)
  8 wyverns
  8 basilisks
  15 humans (D:14)
  3 steam dragons
  39 redbacks
  8 vampire mosquitoes
  8 wargs
  2 swamp worms
  16 hell hounds (Lair:5)
  19 water moccasins
  3 ice beasts
  34 orc warriors
  13 black bears
  10 ogres
  8 centaurs
  35 wolves
  2 kobold brigands
  3 phantoms (D:4)
  12 bullfrogs
  3 gnoll sergeants
  4 scorpions
  3 necrophages
  A water moccasin zombie (D:4)
  13 wights
  4 howler monkeys
  3 electric eels
  28 orc priests
  A gnoll bouda (D:6)
  6 hounds
  4 jellies
  2 iguanas
  3 scorpion zombies (D:4)
  33 orc wizards
  A hound zombie (D:4)
  13 adders
  21 gnolls
  13 white imps
  2 ufetubi
  An adder zombie (D:4)
  An adder skeleton (D:4)
  5 worms
  2 dart slugs
  109 orcs
  9 ball pythons
  8 endoplasms
  7 giant cockroaches
  9 hobgoblins
  8 jackals
  5 quokkas
  9 bats
  7 frilled lizards
  7 goblins
  14 kobolds
  9 rats
  A plant (Lair:5)
997 creatures vanquished.

Vanquished Creatures (others)
  2 bunyips (Swamp:1)
  2 ghost crabs (Swamp:1)
  2 bloated husks (Swamp:1)
  2 tyrant leeches (Swamp:1)
  A human (D:14)
  A vampire mosquito (Swamp:1)
  A swamp worm (Swamp:1)
  An orc (D:7)
  A kobold (D:7)
  8 foxfires (Swamp:1)
  24 fungi
  87 plants
  A withered plant (D:4)
133 creatures vanquished.

Grand Total: 1130 creatures vanquished

Notes
Turn   | Place    | Note
-------+----------+-------------------------------------------
     0 | D:1      | MisterFreud the Formicid Fighter began the quest for the
                  | Orb.
     0 | D:1      | Reached XP level 1. HP: 18/18 MP: 1/1
   416 | D:1      | Reached XP level 2. HP: 24/24 MP: 2/2
   446 | D:1      | Found a faded altar of an unknown god.
   736 | D:1      | Reached XP level 3. HP: 9/29 MP: 3/3
  1595 | D:2      | Reached XP level 4. HP: 31/35 MP: 4/4
  2413 | D:3      | Noticed a necrophage
  2439 | D:3      | Killed a necrophage
  2440 | D:3      | Reached skill level 5 in Maces & Flails
  2440 | D:3      | Reached XP level 5. HP: 13/41 MP: 5/5
  3066 | D:3      | Found an ancient bone altar of Kikubaaqudgha.
  3290 | D:3      | Reached XP level 6. HP: 32/47 MP: 6/6
  3315 | D:3      | HP: 2/47 [worm (7)]
  3846 | D:4      | Got the Directory of the Tempest
  3932 | D:4      | Found Ybar's Antique Weapon Emporium.
  3961 | D:4      | Reached XP level 7. HP: 45/52 MP: 7/7
  4491 | D:4      | Reached XP level 8. HP: 53/58 MP: 8/8
  5444 | D:5      | Entered Level 5 of the Dungeon
  5548 | D:5      | Reached skill level 5 in Fighting
  5840 | D:5      | Reached skill level 4 in Armour
  6204 | D:5      | Found a runed translucent door.
  6312 | D:5      | Reached skill level 5 in Armour
  6312 | D:5      | Reached XP level 9. HP: 69/69 MP: 9/9
  6471 | D:5      | Found a burning altar of Makhleb.
  6575 | D:5      | Noticed funkygono's ghost (novice GrFE)
  6670 | D:5      | Became a worshipper of Makhleb the Destroyer
  6866 | D:6      | Identified the +3 quarterstaff "Killer Klown's Peril"
                  | {vorpal, Int+2 Dex+5}
  6911 | D:6      | Reached skill level 6 in Armour
  6974 | D:6      | Noticed Grinder
  6983 | D:6      | Killed Grinder
  7148 | D:6      | Noticed Pikel
  7162 | D:6      | Killed Pikel
  7163 | D:6      | Reached skill level 10 in Maces & Flails
  7743 | D:6      | Found a staircase to the Ecumenical Temple.
  7763 | D:6      | Reached * piety under Makhleb
  8052 | D:7      | Reached XP level 10. HP: 73/76 MP: 10/10
  8191 | D:7      | Noticed Prince Ribbit
  8205 | D:7      | Killed Prince Ribbit
  8270 | D:7      | Found a shimmering blue altar of Sif Muna.
 10161 | D:8      | Reached ** piety under Makhleb
 10490 | D:8      | Identified a scroll of acquirement
 10490 | D:8      | Acquired a manual of Maces & Flails
 10641 | D:9      | Reached XP level 11. HP: 69/83 MP: 11/11
 10990 | D:9      | Noticed Maggie
 11001 | D:9      | Killed Maggie
 11152 | D:9      | Reached skill level 15 in Maces & Flails
 11152 | D:9      | Reached skill level 7 in Armour
 11386 | D:9      | Noticed a tengu warrior
 11412 | D:9      | Noticed a two-headed ogre
 11426 | D:9      | Killed a two-headed ogre
 11432 | D:9      | Reached *** piety under Makhleb
 11645 | D:10     | Entered Level 10 of the Dungeon
 11826 | D:10     | Reached skill level 8 in Armour
 11867 | D:10     | Found a glowing silver altar of Zin.
 12197 | D:10     | Found a hide-covered altar of Uskayaw.
 12722 | D:11     | Reached XP level 12. HP: 55/93 MP: 12/12
 13047 | D:11     | Noticed a two-headed ogre
 13055 | D:11     | Killed a two-headed ogre
 13117 | D:11     | Found Ydaxkiona's General Store.
 13198 | D:11     | Noticed Erica
 13203 | D:11     | Killed Erica
 13593 | D:11     | Reached skill level 9 in Armour
 13715 | D:11     | Found a staircase to the Lair.
 13834 | D:11     | Noticed a four-headed hydra
 13844 | D:11     | Killed a four-headed hydra
 13930 | D:12     | Noticed a skeletal warrior
 13930 | D:12     | Noticed a skeletal warrior
 13948 | D:12     | Killed a skeletal warrior
 14277 | D:11     | Acquired a manual of Armour
 14370 | Lair:1   | Entered Level 1 of the Lair of Beasts
 14556 | Lair:1   | Reached **** piety under Makhleb
 14609 | Lair:1   | Reached skill level 10 in Armour
 14636 | Lair:1   | Reached XP level 13. HP: 103/103 MP: 13/13
 14641 | Lair:1   | Reached skill level 10 in Fighting
 14715 | Lair:1   | Identified the +6 quarterstaff of Prudence {spect, Dex+3}
 14839 | Lair:1   | Reached skill level 11 in Armour
 14995 | Lair:1   | Noticed a catoblepas
 15017 | Lair:1   | Killed a catoblepas
 15731 | Lair:2   | Noticed a catoblepas
 16140 | Lair:2   | Reached skill level 1 in Evocations
 16302 | Lair:2   | Found a hole to the Spider Nest.
 16607 | Lair:2   | Reached skill level 12 in Armour
 16978 | Lair:2   | Reached ***** piety under Makhleb
 17643 | Lair:3   | Found a staircase to the Swamp.
 17680 | Lair:3   | Reached XP level 14. HP: 113/113 MP: 14/14
 18258 | Lair:4   | Reached skill level 13 in Armour
 18328 | Lair:4   | Noticed Sonja
 18345 | Lair:4   | Killed Sonja
 18874 | Lair:5   | Entered Level 5 of the Lair of Beasts
 18891 | Lair:5   | Reached skill level 5 in Evocations
 18917 | Lair:5   | Found a viscous altar of Jiyva.
 18918 | Lair:5   | Found a staircase to the Slime Pits.
 19245 | Lair:5   | Reached skill level 14 in Armour
 19561 | Lair:5   | Reached ****** piety under Makhleb
 19963 | Lair:5   | Found a runed translucent door.
 20077 | Lair:5   | Reached skill level 15 in Armour
 20291 | Lair:5   | Reached XP level 15. HP: 122/122 MP: 15/15
 21030 | D:12     | Noticed Rupert
 21043 | D:12     | Killed Rupert
 21054 | D:12     | Reached skill level 16 in Armour
 21135 | D:12     | Found a staircase to the Orcish Mines.
 21934 | D:4      | Bought the +7 great mace "Firestarter" {inner flame, rF++}
                  | for 1708 gold pieces
 21934 | D:4      | Found the +7 great mace "Firestarter" {inner flame, rF++}
 22517 | D:14     | Noticed Nessos
 22517 | D:14     | Found a gate to the Vaults.
 22523 | D:14     | Reached skill level 10 in Evocations
 22854 | D:14     | Killed Nessos
 23007 | D:14     | Found a transporter.
 23010 | D:14     | Found a transporter.
 23075 | D:14     | Acquired a +2 pair of gloves of infusion
 23191 | D:14     | Reached skill level 15 in Fighting
 23566 | D:14     | Identified the amulet of Petypybo {RegenMP Int+3 Slay+5}
 23586 | D:14     | Noticed Qymaymp's ghost (adept GrEE)
 23841 | D:15     | Entered Level 15 of the Dungeon
 23857 | D:15     | Found Sixawner's Antique Weapon Emporium.
 24022 | D:15     | Acquired a manual of Armour
 24152 | D:15     | Reached XP level 16. HP: 110/138 MP: 14/16
 24249 | D:15     | Acquired the amulet "Inuoma" {Spirit rC+++ rN+++ Str-3}
 24360 | D:15     | Found a staircase to the Depths.
 24360 | D:15     | Noticed a fire giant
 24383 | D:15     | Killed a fire giant
 24679 | Orc:1    | Entered Level 1 of the Orcish Mines
 24738 | Orc:1    | Reached skill level 17 in Armour
 25104 | Orc:2    | Entered Level 2 of the Orcish Mines
 25171 | Orc:2    | Reached skill level 18 in Armour
 25198 | Orc:2    | Found Tivupn's Antique Armour Shop.
 25409 | Orc:2    | Found Giucaming's Antique Weapon Boutique.
 25419 | Orc:2    | Bought a pair of transparent boots for 304 gold pieces
 25419 | Orc:2    | Identified the +0 pair of boots of Cheibriados's Outrage
                  | {Int+7} (You bought it in a shop on level 2 of the Orcish
                  | Mines)
 25608 | Orc:2    | Noticed Urug
 25617 | Orc:2    | Killed Urug
 25702 | Orc:2    | Reached skill level 19 in Armour
 25771 | Orc:2    | Found Ufof's Weapon Shoppe.
 25799 | Orc:2    | Bought a throwing net for 33 gold pieces
 25820 | Orc:2    | Found a staircase to the Elven Halls.
 26134 | Orc:2    | Found Aloude Ekuwn's Antique Armour Shoppe.
 26190 | Orc:2    | Bought a pair of glowing boots for 225 gold pieces
 26680 | Spider:1 | Entered Level 1 of the Spider Nest
 26707 | Spider:1 | Noticed Louise
 26720 | Spider:1 | Killed Louise
 26803 | Spider:1 | Reached skill level 20 in Armour
 27314 | Spider:1 | Noticed an emperor scorpion
 27324 | Spider:1 | Killed an emperor scorpion
 27325 | Spider:1 | Reached skill level 21 in Armour
 27427 | Spider:1 | Noticed Roxanne
 27436 | Spider:1 | Gained mutation: Your magical capacity is low. (-10% MP)
                  | [mutagenic glow]
 27530 | Spider:1 | Killed Roxanne
 27919 | Spider:1 | Identified the +1 leather armour of the Eternal Fruit
                  | {Contam Harm rN+++ Will++}
 28011 | Spider:1 | Noticed an emperor scorpion
 28023 | Spider:1 | Killed an emperor scorpion
 28104 | Spider:1 | Reached skill level 22 in Armour
 28295 | Spider:1 | Identified the +4 ring mail of the Sky {Will+ Regen+ Dex+4}
 28344 | Spider:1 | Acquired the +5 giant spiked club of the Blushing Gods
                  | {vorpal, rC- Int+2 Dex+8}
 28492 | Spider:2 | Reached skill level 1 in Invocations
 28492 | Spider:2 | Reached XP level 17. HP: 142/144 MP: 12/16
 29085 | Spider:2 | Identified the +1 ring mail "Qelynkiwk" {rElec rPois rC+
                  | Int-5}
 29930 | Spider:3 | Reached skill level 5 in Invocations
 30382 | Spider:3 | Identified the +0 scale mail of Oblivion {Rampage Int+3}
 30745 | Spider:4 | Entered Level 4 of the Spider Nest
 31336 | Spider:4 | Reached skill level 23 in Armour
 31584 | Spider:4 | Reached XP level 18. HP: 144/155 MP: 15/21
 31992 | Spider:4 | Got a gossamer rune of Zot
 31993 | Spider:4 | Reached XP level 19. HP: 163/163 MP: 16/23
 32055 | Spider:4 | Got Sif Muna's Monograph on Incandescence
 32362 | Swamp:1  | Entered Level 1 of the Swamp
 32362 | Swamp:1  | Noticed Frances
 32362 | Swamp:1  | You fall into a shaft and drop 1 floor!
 32429 | Swamp:1  | Noticed Nikola
 32455 | Swamp:1  | Noticed Kirke
 32458 | Swamp:1  | Killed Nikola
 32499 | Swamp:2  | Reached skill level 10 in Invocations
 32810 | Swamp:2  | HP: 4/163 [goliath frog (24)]
 32810 | Swamp:2  | Splashed by a goliath frog's acid

Illustrated notes

Levels and vault maps discovered:
D:1:      lemuel_arrival_lava_pool, layout_loops_corners,
          hellmonk_ecumenical_altar_crossroads, nicolae_kite_square_tiling_tiny,
          serial_bayou_lake_a
D:2:      layout_basic
D:3:      layout_basic, kiku_gazebo_pond_becter, minmay_vboxes
D:4:      layout_loops_cross, serial_undead, serial_undead_c, serial_undead_e,
          serial_undead_a, serial_undead_c, serial_shops,
          nicolae_shop_overgrown_old_shop, minmay_pentomino_pile
D:5:      layout_layer_cave, makhleb_heckhound_becter, ebering_ghost_sewer_d,
          portal_sewer_entry_e
D:6:      layout_loops_ring, minmay_temple_entry_gardened_gates, uniq_pikel,
          uniq_grinder
D:7:      layout_loops_corners, lemuel_blue_sif_altar, grunt_ministairs_5,
          st_stairs_2, uniq_prince_ribbit1
D:8:      minmay_razor_zed, layout_cave_pods
D:9:      layout_roguey, lightli_corner_chamber, uniq_maggie
D:10:     layout_irregular_city, mainiacjoe_overflow_alcove_2, zin_scriptorium
D:11:     layout_gridville, erik_lair_dragon, serial_shops,
          nicolae_shop_hallway_plus, minmay_fractal_squares_gapless_5,
          uniq_erica
D:12:     nicolae_cairo_tiling, layout_long_grid, david_orc_4,
          portal_ice_cave_entry_imps, uniq_rupert
D:13:     layout_basic
D:14:     layout_roguey, david_vaults_3, gammafunk_ghost_hive, serial_aquarium,
          aquarium_bridge_square [aquarium_subvault_wall,
          aquarium_subvault_bridge, aquarium_subvault_bridge,
          aquarium_subvault_window], aquarium_window_1, aquarium_window_2,
          aquarium_window_fake, aquarium_view_2b, aquarium_view_2e,
          small_statue_alley_a
D:15:     grunt_enter_depths_giant_problem, layout_rooms,
          chequers_serial_rivers_micro_b, serial_shops, shop
Lair:1:   layout_loops_ring
Lair:2:   layout_chaotic_city, nicolae_spider_entry_orb_guardian,
          serial_bayou_lagoon_a, cheibrodos_lair_reptile_den
Lair:3:   layout_cave_pods, minmay_swamp_entry_worms, fungi_pond_lemuel
Lair:4:   layout_regular_city, uniq_sonja
Lair:5:   hangedman_lair_caniforms_friends, layout_small_grid, wormcave,
          slime_entry_1, st_stairs_12, lemuel_fruit_tree,
          infiniplex_staircase_pool_2
Swamp:1:  layout_basic_swamp, hangedman_swamp_diagram,
          infiniplex_staircase_pool, uniq_kirke, uniq_nikola, uniq_frances,
          uniq_jorgrun
Swamp:2:  layout_falls_marsh, evilmike_swamp_ruin_house_5, swamp_pool1
Spider:1: nicolae_spider_hilbert_zone_3 [nicolae_spider_hilbert_4_sides_2_open,
          nicolae_spider_hilbert_3_sides_1_open,
          nicolae_spider_hilbert_3_sides_1_open,
          nicolae_spider_hilbert_3_sides_1_open,
          nicolae_spider_hilbert_3_sides_1_open,
          nicolae_spider_hilbert_4_sides_1_open,
          nicolae_spider_hilbert_4_sides_1_open,
          nicolae_spider_hilbert_4_sides_1_open,
          nicolae_spider_hilbert_4_sides_1_open,
          nicolae_spider_hilbert_4_sides_1_open,
          nicolae_spider_hilbert_4_sides_1_open,
          nicolae_spider_hilbert_4_sides_1_open,
          nicolae_spider_hilbert_4_sides_1_open,
          nicolae_spider_hilbert_3_sides_1_open,
          nicolae_spider_hilbert_3_sides_1_open,
          nicolae_spider_hilbert_3_sides_1_open,
          nicolae_spider_hilbert_3_sides_1_open], drop_trap,
          hellmonk_narrow_tunnel, uniq_roxanne, uniq_louise
Spider:2: layout_cave_pods
Spider:3: layout_spider_delve, hangedman_spider_tarantella_strand
Spider:4: spider_rune_water
Orc:1:    layout_diamond_mine
Orc:2:    grunt_orc_community_town_hall, layout_caves,
          grunt_orc_community_big_house_1, grunt_orc_community_big_house_1,
          grunt_orc_community_house_3, grunt_orc_community_house_3,
          grunt_orc_community_house_3, grunt_orc_community_house_2, uniq_urug

Skill      XL: |  1  2  3  4  5  6  7  8  9 10 11 12 13 14 15 16 17 18 19 |
---------------+----------------------------------------------------------+-----
Maces & Flails | 3 4 5 7 8 9 11 14 16 18 19 20 | 20.0
Fighting       | 6 8 9 11 12 15 16 17 18 | 18.1
Armour         | 5 6 8 10 12 15 16 22 23 | 23.6
Evocations     | 3 8 10 | 10.0
Invocations    | 1 7 9 10 | 10.0
Shields        | |  4.0

Action                   |  1- 3 |  4- 6 |  7- 9 | 10-12 | 13-15 | 16-18 | 19-21 || total
-------------------------+-------+-------+-------+-------+-------+-------+-------++-------
Melee: Flail             |   110 |   200 |   246 |       |       |       |       ||   556
       Dire flail        |       |       |    47 |   466 |   937 |       |       ||  1450
       Great mace        |       |       |       |       |    90 |   703 |    67 ||   860
       Unarmed           |       |       |       |       |       |       |    21 ||    21
 Abil: Dig               |       |       |     1 |     1 |     4 |       |       ||     6
Evoke: Wand              |       |       |       |       |     6 |     5 |       ||    11
  Use: Scroll            |     1 |     8 |     5 |     3 |    23 |     3 |       ||    43
       Potion            |       |       |       |       |     2 |     1 |     5 ||     8
Armor: Scale mail        |    33 |    78 |    87 |    74 |       |       |       ||   272
       Gold dragon scale |       |       |       |    93 |   559 |   584 |    45 ||  1281
Dodge: Dodged            |    62 |    79 |   107 |   107 |   155 |   160 |    24 ||   694
Block: Buckler           |    27 |    48 |    50 |    82 |   374 |   357 |    23 ||   961
       Reflection        |       |       |       |       |     9 |     5 |       ||    14
       Other             |       |       |       |       |       |       |     6 ||     6
